 Dungeon Crawl Stone Soup version 0.29-a0-322-g68df515428 (webtiles) character file.

Game seed: 13228947265186270749

2391 Murumi the Covert (level 9, -3/52 HPs)
             Began as a Vampire Enchanter on Apr 8, 2022.
             Was a Believer of Okawaru.
             Slain by a hornet (7 damage)
             ... on level 6 of the Dungeon.
             The game lasted 00:28:17 (6978 turns).

Murumi the Covert (Vampire Enchanter)               Turns: 6978, Time: 00:28:17

Health: -3/52      AC:  5    Str:  7    XL:     9   Next: 22%
Magic:  2/24       EV: 13    Int: 18    God:    Okawaru [**....]
Gold:   331        SH: 13    Dex: 18    Spells: 8/16 levels left

rFire   . . .      SeeInvis +   a - +3 dagger (freeze)
rCold   + + .      Faith    .   k - +3 buckler
rNeg    + + +      Spirit   .   p - +1 robe {Will+}
rPois   ∞          Reflect  +   (no helmet)
rElec   .          Harm     .   i - +0 cloak
rCorr   .          Rampage  .   s - +0 pair of gloves
Will    +....                   (no boots)
Stlth   +++++++...              y - amulet of reflection
HPRegen 0.00/turn               e - ring of magical power
MPRegen 0.19/turn               f - ring of wizardry

@: bloodless, inhibited regen, invisible
A: bloodless, fangs 3, see invisible, vampiric 2
a: Bat Form, Revivify, Renounce Religion, Heroism


You were on level 6 of the Dungeon.
You worshipped Okawaru.
Okawaru was pleased with you.
You visited 2 branches of the dungeon, and saw 8 of its levels.

You collected 331 gold pieces.

Inventory:

Hand Weapons
 a - a +3 dagger of freezing (weapon)
Armour
 i - a +0 cloak (worn)
 k - a +3 buckler (worn)
 p - a +1 robe of willpower (worn)
 s - a +0 pair of gloves (worn)
Jewellery
 e - a ring of magical power (left hand)
 f - a ring of wizardry (right hand)
 y - an amulet of reflection (around neck)
Wands
 r - a wand of paralysis (10)
 u - a wand of flame (18)
Scrolls
 b - a scroll of magic mapping
 l - a scroll of teleportation
 n - 2 scrolls of blinking
 t - 2 scrolls of fear
 v - a scroll of vulnerability
Potions
 c - a potion of invisibility
 d - a potion of flight
 g - 3 potions of attraction
 h - 2 potions of lignification {unknown}
 j - 2 potions of heal wounds {unknown}
 m - a potion of degeneration {unknown}
 o - 3 potions of curing {unknown}
 q - 2 potions of haste {unknown}
 w - a potion of resistance {unknown}
 z - a potion of might {unknown}


   Skills:
 - Level 4.0 Fighting
 - Level 5.0 Short Blades
 - Level 1.0 Armour
 - Level 4.0 Dodging
 - Level 10.0 Stealth
 - Level 2.0 Shields
 - Level 4.0 Spellcasting
 - Level 1.0 Conjurations
 - Level 9.0 Hexes
 - Level 2.0 Ice Magic
 + Level 1.8 Invocations
 - Level 1.0 Evocations


You had 8 spell levels left.
You knew the following spells:

 Your Spells              Type           Power      Damage    Failure   Level
a - Ensorcelled Hibernat  Hex/Ice        46%        N/A       1%          2
b - Confusing Touch       Hex            36%        N/A       1%          3
c - Dazzling Flash        Conj/Hex       42%        N/A       3%          3

Your spell library contained the following spells:

 Spells                   Type           Power      Damage    Failure   Level
 Portal Projectile        Hex/Tloc       38%        N/A       3%          3
 Sting                    Tmut/Pois      12%        1d3       8%          1
 Blink                    Tloc           6%         N/A       12%         2
 Corpse Rot               Necr/Air       6%         N/A       12%         2
 Passwall                 Tmut/Erth      2%         N/A       12%         2
 Poisonous Vapours        Pois/Air       6%         N/A       12%         2
 Leda's Liquefaction      Hex/Erth       9%         N/A       12%         4
 Lesser Beckoning         Tloc           3%         N/A       22%         3
 Iskenderun's Mystic Bla  Conj/Tloc      5%         2d3       50%         4
 Blade Hands              Tmut           1%         N/A       88%         5
 Lee's Rapid Deconstruct  Erth           1%         3d5*      88%         5
 Manifold Assault         Tloc           3%         N/A       88%         5
 Starburst                Conj/Fire      2%         6d3       100%        6
 Statue Form              Tmut/Erth      2%         N/A       100%        6
 Tukima's Dance           Hex            Unusable   N/A       N/A         3
 Call Canine Familiar     Summ           Unusable   N/A       N/A         3

Dungeon Overview and Level Annotations

Branches:
Dungeon (7/15)             Temple (1/1) D:5

Altars:
Ashenzari
Cheibriados
Elyvilon
Fedhas
Hepliaklqana
Kikubaaqudgha
Makhleb
Nemelex Xobeh
Okawaru
Qazlal
Ru
Sif Muna
Trog
Uskayaw
Vehumet
Xom
Yredelemnul
Zin
The Shining One


Innate Abilities, Weirdness & Mutations

You do not regenerate when monsters are visible.
You are frail without blood (-20% HP).
You can heal yourself when you bite living creatures.
You are immune to poison.
You have razor-sharp teeth.
You have supernaturally acute eyesight. (SInv)
You are afflicted with vampirism and can become a bat while bloodless.


Message History

You block the hornet's attack.
You hit the hornet. You freeze the hornet.
The hornet is moderately wounded.
The hornet closely misses you.
You barely miss the hornet.
The hornet is moderately wounded.
The hornet stings you.
You hit the hornet but do no damage.
The hornet is moderately wounded.
You block the hornet's attack.
You hit the hornet. You freeze the hornet.
The hornet is moderately wounded.
You block the hornet's attack.
You hit the hornet but do no damage. Your bite misses the hornet.
The hornet is moderately wounded.
You block the hornet's attack. The hornet stings you.
You hit the hornet. You freeze the hornet.
The hornet is moderately wounded.
The hornet stings you!
* * * LOW HITPOINT WARNING * * *
You miss the hornet.
The hornet is moderately wounded.
You block the hornet's attack.
You hit the hornet. You freeze the hornet.
The hornet is moderately wounded.
The hornet stings you!
* * * LOW HITPOINT WARNING * * *
Okay, then.
Press: ? - help, v - describe, . - travel
Here: a hornet (moderately wounded)
The floor.
You fade into invisibility!
You block the hornet's attack. The hornet misses you.
You hit the hornet. You freeze the hornet.
The hornet is severely wounded.
The hornet stings you but does no damage.
You hit the hornet but do no damage.
The hornet is severely wounded.
You block the hornet's attack. The hornet stings you!
You die...

....#..[.[............#
....####[....##......##
....#####'#######.####
...)..# #.# #.# ..###.#
#.# #.# ### #.###.###
#.# ### #.##....# #.#
..# #.#.....#####.# #.#
#.#........y@.# #.#
#.#.......#####
#.###.#.......#
............###
#########...# #####


You could see a hornet (can't see you).

Vanquished Creatures
  3 steam dragons
  A sky beast (D:6)
  5 ice beasts
  A black bear (D:7)
  2 orc warriors
  A centaur (D:5)
  4 scorpions
  2 kobold brigands
  A howler monkey (D:6)
  A hound (D:6)
  3 jellies
  2 orc priests
  A gnoll shaman (D:5)
  4 iguanas
  4 orc wizards
  5 adders
  15 gnolls
  A shadow imp (D:7)
  2 white imps (D:7)
  4 dart slugs
  2 worms
  15 orcs
  9 endoplasms
  A giant cockroach (D:2)
  5 goblins
  5 hobgoblins
  6 jackals
  10 kobolds
  5 quokkas
  8 ball pythons
  3 bats
  3 frilled lizards
  A rat (D:1)
135 creatures vanquished.

Vanquished Creatures (others)
  2 orcs
2 creatures vanquished.

Grand Total: 137 creatures vanquished

Notes
Turn   | Place    | Note
-------+----------+-------------------------------------------
     0 | D:1      | Murumi the Vampire Enchanter began the quest for the Orb.
     0 | D:1      | Reached XP level 1. HP: 13/13 MP: 3/3
   430 | D:1      | Reached skill level 5 in Stealth
   445 | D:1      | Reached XP level 2. HP: 15/15 MP: 5/5
   456 | D:1      | Learned a level 2 spell: Ensorcelled Hibernation
  1556 | D:2      | Gained mutation: You are afflicted with vampirism and can
                  | become a bat while bloodless. [Vampire growth]
  1556 | D:2      | Reached XP level 3. HP: 19/19 MP: 6/6
  1686 | D:2      | Reached skill level 5 in Hexes
  1689 | D:2      | Reached skill level 1 in Fighting
  1692 | D:2      | Reached skill level 1 in Ice Magic
  1692 | D:2      | Reached XP level 4. HP: 25/25 MP: 7/7
  1845 | D:2      | Learned a level 3 spell: Confusing Touch
  2738 | D:3      | Reached skill level 6 in Stealth
  2738 | D:3      | Reached XP level 5. HP: 30/30 MP: 8/8
  3292 | D:4      | Found an ancient bone altar of Kikubaaqudgha.
  3699 | D:5      | Entered Level 5 of the Dungeon
  3724 | D:5      | Noticed an ice beast
  3733 | D:5      | Reached skill level 1 in Shields
  3758 | D:5      | Killed an ice beast
  3759 | D:5      | Reached skill level 1 in Armour
  3759 | D:5      | Reached XP level 6. HP: 9/35 MP: 9/9
  4017 | D:5      | Reached skill level 7 in Stealth
  4115 | D:5      | Reached skill level 8 in Stealth
  4432 | D:5      | Reached XP level 7. HP: 32/40 MP: 7/10
  4579 | D:5      | Found a staircase to the Ecumenical Temple.
  4610 | D:5      | Reached skill level 1 in Evocations
  4612 | Temple   | Entered the Ecumenical Temple
  4754 | Temple   | Became a worshipper of Warmaster Okawaru
  5310 | D:5      | Reached skill level 1 in Invocations
  5522 | D:6      | Reached skill level 9 in Stealth
  5605 | D:6      | Got the Grimoire of Transmutation
  5874 | D:6      | Reached * piety under Okawaru
  5875 | D:6      | Reached skill level 5 in Short Blades
  5875 | D:6      | Reached XP level 8. HP: 26/46 MP: 11/11
  6182 | D:6      | Reached skill level 10 in Stealth
  6298 | D:6      | Learned a level 3 spell: Dazzling Flash
  6457 | D:6      | Reached skill level 1 in Conjurations
  6589 | D:6      | Reached ** piety under Okawaru
  6911 | D:7      | Reached XP level 9. HP: 31/51 MP: 13/13
  6978 | D:6      | Slain by a hornet

Illustrated notes

Levels and vault maps discovered:
D:1:      saegor_arrival_fortress, layout_basic, minmay_misc_feat_encased,
          minmay_pentomino_u2
D:2:      layout_loops_cross, guppyfry_early_lair_pool
D:3:      layout_basic, kennysheep_generic_room_7
D:4:      layout_rooms, lemuel_coloured_pillars_altar
D:5:      layout_basic, minmay_temple_entry_waves, kennysheep_boxes
D:6:      layout_loops_corners, palyth_stone_intersect
D:7:      cheibrodos_fzero, layout_loops_ring, nicolae_wooded_promenade
Temple:   compressed_dpeg_circular_temple

Skill      XL: |  1  2  3  4  5  6  7  8  9 |
---------------+----------------------------+-----
Stealth        | 5 6 8 9 10 | 10.0
Short Blades   | 2 3 4 5 |  5.0
Dodging        | 3 4 |  4.0
Hexes          | 5 9 |  9.0
Fighting       | 1 2 3 4 |  4.0
Ice Magic      | 1 2 |  2.0
Shields        | 2 |  2.0
Armour         | 1 |  1.0
Evocations     | 1 |  1.0
Invocations    | 1 |  1.8
Conjurations   | 1 |  1.0
Spellcasting   | 3 4 |  4.0

Action                   |  1- 3 |  4- 6 |  7- 9 || total
-------------------------+-------+-------+-------++-------
Melee: Dagger            |    47 |   102 |   143 ||   292
       Bite              |     1 |     4 |    14 ||    19
 Cast: Ensorcelled Hiber |    14 |    21 |    46 ||    81
       Confusing Touch   |       |     4 |     6 ||    10
 Abil: Exsanguinate      |     1 |       |       ||     1
  Use: Scroll            |     7 |     6 |     4 ||    17
       Potion            |     2 |       |     2 ||     4
 Stab: Sleeping          |    16 |    38 |    38 ||    92
       Invisible         |     1 |       |     3 ||     4
       Confused          |       |     3 |     6 ||     9
       Distracted        |       |     1 |     1 ||     2
Armor: Robe              |     9 |     9 |    20 ||    38
Dodge: Dodged            |    22 |    29 |    63 ||   114
Block: Buckler           |       |    13 |    64 ||    77

Table legend: (Time is in decaauts)
 A = Elapsed time spent in this place.
 B = Non-inter-level travel time spent in this place.
 C = Inter-level travel time spent in this place.
 D = Time resting spent in this place.
 E = Time spent auto-exploring this place.
 F = Levels seen in this place.
 G = Mean time per level.
                   A        B        C        D        E       F      G
               +--------+--------+--------+--------+--------+-----+--------+
         Total |   6949 |   6559 |    390 |    156 |   5369 |   8 |  868.6 |
       Dungeon |   6797 |   6431 |    366 |    156 |   5255 |   7 |  971.0 |
        Temple |    151 |    128 |     23 |      0 |    114 |   1 |  151.0 |
               +--------+--------+--------+--------+--------+-----+--------+

Top non-repeatable levels by time:
     D:6: 1409 daAuts
     D:5: 1404 daAuts
     D:1: 1202 daAuts
     D:2: 1091 daAuts
     D:3: 899 daAuts
     D:4: 634 daAuts
     D:7: 155 daAuts
  Temple: 151 daAuts
